 Dungeon Crawl Stone Soup version 0.29.1-15-g9cfb28693d (console) character file.

Game seed: 18012087679170853237

1931 Goreval the Sneak (level 9, -3/76 HPs)
             Began as a Naga Enchanter on Feb 23, 2023.
             Was a Priest of Cheibriados.
             Slain by a gargoyle
             ... wielding a +0 mace
              (12 damage)
             ... on level 7 of the Dungeon.
             The game lasted 00:35:55 (8779 turns).

Goreval the Sneak (Naga Enchanter)                  Turns: 8779, Time: 00:35:56

Health: -3/76      AC:  6    Str: 20    XL:     9   Next: 17%
Magic:  13/16      EV: 14    Int: 29    God:    Cheibriados [***...]
Gold:   417        SH:  0    Dex: 25    Spells: 3/17 levels left

rFire   . . .      SeeInvis +   a - +10 trident "Oschiocuemi" {drain, rN+}
rCold   . . .      Faith    .   (no shield)
rNeg    + . .      Spirit   .   k - +0 robe of a wizard's laboratory {Int+2}
rPois   +          Reflect  .   u - +0 helmet
rElec   .          Harm     .   q - +0 cloak
rCorr   .          Rampage  .   (no gloves)
Will    +....                   (no barding)
Stlth   ++++......              (no amulet)
HPRegen 0.22/turn               e - +6 ring of dexterity
MPRegen 0.15/turn               t - ring "Vaumugga" {Fly EV+4}

@: flying, invisible, very slow
A: AC +3, large, see invisible, deformed body, poison resistance, slowness 2,
spit poison 1, naga tail 1
a: Spit Poison, Renounce Religion, Bend Time, Temporal Distortion


You were on level 7 of the Dungeon.
You worshipped Cheibriados.
Cheibriados was most pleased with you.
You visited 2 branches of the dungeon, and saw 8 of its levels.
You also visited: Sewer.

You collected 417 gold pieces.

Inventory:

Hand Weapons
 a - the +10 trident "Oschiocuemi" (weapon) {drain, rN+}
   (You found it on level 5 of the Dungeon)

   A truly terrible weapon, it drains the life of any living foe it strikes.
   rN:        It protects you from negative energy.
 b - a +2 dagger of venom
Armour
 k - the +0 robe of a wizard's laboratory (worn) {Int+2}
   (You found it on level 2 of the Dungeon)

   Int:       It affects your intelligence (+2).
 q - a +0 cloak (worn)
 u - a +0 helmet (worn)
Jewellery
 e - a +6 ring of dexterity (left hand)
 t - the ring "Vaumugga" (right hand) {Fly EV+4}
   (You found it on level 5 of the Dungeon)

   [ring of evasion]

   EV:        It affects your evasion (+4).
   Fly:       It grants you flight.
Wands
 r - a wand of flame (38)
Scrolls
 d - 3 scrolls of identify
 g - a scroll of teleportation {unknown}
 h - 2 scrolls of blinking
 j - a scroll of amnesia {unknown}
 m - 3 scrolls of enchant weapon
 n - a scroll of enchant armour {unknown}
 s - a scroll of butterflies {unknown}
 w - a scroll of fear {unknown}
 y - a scroll of summoning {unknown}
 A - a scroll of immolation {unknown}
 B - a scroll of brand weapon {unknown}
 D - a scroll of noise {unknown}
Potions
 f - 3 potions of brilliance
 i - 4 potions of curing
 l - 2 potions of flight
 o - a potion of attraction
 p - 2 potions of might
 v - a potion of heal wounds {unknown}
 x - a potion of resistance {unknown}
 z - a potion of mutation {unknown}
 C - a potion of haste {unknown}


   Skills:
 + Level 3.4 Fighting
 - Level 4.4 Short Blades
 + Level 2.2 Polearms
 - Level 1.5 Dodging
 + Level 7.6 Stealth
 + Level 4.8 Spellcasting
 - Level 6.1 Hexes
 - Level 4.0 Ice Magic
 - Level 3.0 Invocations


You had 3 spell levels left.
You knew the following spells:

 Your Spells              Type           Power      Damage    Failure   Level
a - Ensorcelled Hibernat  Hex/Ice        72%        N/A       1%          2
b - Confusing Touch       Hex            42%        N/A       1%          3
c - Tukima's Dance        Hex            42%        N/A       1%          3
d - Dazzling Flash        Conj/Hex       48%        N/A       5%          3
e - Ozocubu's Armour      Ice            30%        N/A       3%          3

Your spell library contained the following spells:

 Spells                   Type           Power      Damage    Failure   Level
 Poisonous Vapours        Pois/Air       12%        N/A       10%         2
 Conjure Flame            Conj/Fire      6%         6-21      19%         3
 Ignite Poison            Fire/Tmut/Pois 6%         N/A       19%         3
 Metabolic Englaciation   Hex/Ice        18%        N/A       22%         5
 Corpse Rot               Necr/Pois/Air  6%         N/A       54%         4
 Sticky Flame             Conj/Fire      6%         2d3       54%         4
 Simulacrum               Ice/Necr       9%         N/A       99%         6


Dungeon Overview and Level Annotations

Branches:
Dungeon (7/15) Zot: 40266  Temple (1/1) D:4 Zot: 8655   Sewer (visited)

Altars:
Ashenzari
Cheibriados
Dithmenos
Fedhas
Gozag
Kikubaaqudgha
Makhleb
Trog
Vehumet
Yredelemnul
Zin
The Shining One

Shops:
D:1 [   D:3 :   D:5 (

Annotations:
D:7 exclusion: two-headed ogre


Innate Abilities, Weirdness & Mutations

Your serpentine skin is tough. (AC +3)
You have supernaturally acute eyesight. (SInv)
Armour fits poorly on your strangely shaped body.
Your system is resistant to poisons. (rPois)
You cover ground very slowly.
You can spit poison.
You have a snake-like lower body.


Message History

Your hands begin to glow red.
The gargoyle hits you with a +0 mace. A film of ice covers your body!
The gargoyle hits you with a +0 mace!
You hit the gargoyle but do no damage. The gargoyle hits you with a +0 mace.
The gargoyle hurls a stone arrow at you.
The stone arrow hits you!!
You hit the gargoyle but do no damage.
The gargoyle hurls a stone arrow at you.
The stone arrow hits you!
You hit the gargoyle but do no damage.
The gargoyle hurls a stone arrow at you.
The stone arrow hits you!
* * * LOW HITPOINT WARNING * * *
You hit the gargoyle but do no damage.
The gargoyle hurls a stone arrow at you.
The stone arrow hits you!
* * * LOW HITPOINT WARNING * * *
Okay, then.
A stone staircase leading up, spattered with blood.
Unknown command.
Blink to where?
Your icy armour will break if you move.
Continue?
Your icy armour cracks and falls away as you move.
As you read the scroll of blinking, it crumbles to dust.
Okay, then.
Okay, then.
Okay, then.
Okay, then.
Okay, then.
Okay, then.
Okay, then.
Okay, then.
Here: a gargoyle, wielding a +0 mace (chance to confuse on hit: 50%)
An open door.
Okay, then.
You fade into invisibility!
Your hands stop glowing.
The gargoyle hurls a stone arrow at something.
The stone arrow misses you.
You hit the gargoyle. The gargoyle hits you with a +0 mace!
You die...

... ... #.# ##.##+###
+.......# #...#.......#
#...#.......#
.##...#....<..#
.'...#..)....#
#...##.##..##
..##...##'#####
.........†.#
...........#
...>.......#
..##.......#
##+#########.......#
#.........####+##.####
#.........##...##.#..#
#......^..#>.........#
#.........#@.........#
#.....9...#9.........#
##.####..###...##...##
##.####..###...##...#
..........#....#......
..........#....#........
..........'....#........
#...?....#....#........
.(........#....# .......
O.8.......#....#
...(#..####.##.# .#..###
#.# .# .(. ... .. # ...
..


You could see a gargoyle (unable to see you).

Vanquished Creatures
  Edmund (D:4)
  A water moccasin (D:5)
  2 black bears (D:6)
  A sky beast (D:6)
  An ogre (D:5)
  2 phantoms
  2 kobold brigands
  3 bullfrogs
  2 scorpions
  A hound (D:6)
  An orc priest (D:6)
  Crazy Yiuf (D:4)
  4 iguanas
  Terence (D:3)
  7 orc wizards
  13 adders
  4 gnolls (D:2)
  5 river rats
  A white imp (D:6)
  An ufetubus (D:5)
  4 dart slugs
  4 worms
  20 orcs
  7 bats
  8 endoplasms
  7 giant cockroaches
  12 goblins
  5 hobgoblins
  5 jackals
  5 quokkas
  5 ball pythons
  13 frilled lizards
  15 kobolds
  12 rats
176 creatures vanquished.

Vanquished Creatures (others)
  A plant (Sewer)
1 creature vanquished.

Grand Total: 177 creatures vanquished

Notes
Turn   | Place    | Note
-------+----------+-------------------------------------------
     0 | D:1      | Goreval the Naga Enchanter began the quest for the Orb.
     0 | D:1      | Reached XP level 1. HP: 15/15 MP: 3/3
   415 | D:1      | Reached XP level 2. HP: 9/22 MP: 5/5
   424 | D:1      | Learned a level 2 spell: Ensorcelled Hibernation
   799 | D:1      | Found Cyge Poy's Antique Armour Emporium.
  1625 | D:1      | Reached XP level 3. HP: 28/28 MP: 6/6
  1629 | D:1      | Learned a level 3 spell: Confusing Touch
  2045 | D:2      | Reached skill level 5 in Stealth
  2101 | D:2      | Reached XP level 4. HP: 36/36 MP: 7/7
  2418 | D:2      | Identified the +0 robe of a wizard's laboratory {Int+2}
  2587 | D:2      | Reached XP level 5. HP: 15/42 MP: 4/8
  3464 | D:3      | Found Azuonuad's Book Shoppe.
  3487 | D:3      | Found a burning altar of Makhleb.
  3487 | D:3      | Noticed an Executioner
  3533 | D:3      | Noticed a smoke demon
  3533 | D:3      | Noticed a ynoxinul
  3608 | D:3      | Noticed Terence
  3618 | D:3      | Killed Terence
  4183 | D:3      | Reached XP level 6. HP: 49/49 MP: 2/10
  4187 | D:3      | Learned a level 3 spell: Tukima's Dance
  4451 | D:4      | Found an opulent altar of Gozag.
  4991 | D:4      | Found a staircase to the Ecumenical Temple.
  5002 | Temple   | Entered the Ecumenical Temple
  5159 | Temple   | Became a worshipper of Cheibriados the Contemplative
  5194 | D:4      | Noticed Edmund
  5205 | D:4      | Killed Edmund
  5206 | D:4      | Reached skill level 6 in Stealth
  5763 | D:4      | Found a runed translucent door.
  5764 | D:4      | Noticed Crazy Yiuf
  5883 | D:4      | Killed Crazy Yiuf
  5884 | D:4      | Reached skill level 5 in Hexes
  5920 | D:5      | Entered Level 5 of the Dungeon
  5964 | D:5      | Noticed a water moccasin
  5994 | D:5      | Killed a water moccasin
  5995 | D:5      | Reached XP level 7. HP: 8/55 MP: 0/11
  6389 | D:5      | Reached * piety under Cheibriados
  6413 | D:5      | Identified the +10 trident "Oschiocuemi" {drain, rN+}
  6452 | D:5      | Learned a level 3 spell: Dazzling Flash
  6510 | D:5      | Reached skill level 1 in Fighting
  6510 | D:5      | Identified the ring "Vaumugga" {Fly EV+4}
  6530 | D:5      | Found Caegea's Weapon Shoppe.
  6637 | D:5      | Reached skill level 7 in Stealth
  6637 | D:5      | Reached XP level 8. HP: 64/64 MP: 6/13
  6949 | D:5      | Learned a level 3 spell: Ozocubu's Armour
  7248 | D:6      | Found a glowing drain.
  7259 | D:6      | Reached skill level 1 in Ice Magic
  7273 | D:6      | Reached ** piety under Cheibriados
  7293 | Sewer    | Entered a sewer
  7524 | Sewer    | Reached skill level 1 in Invocations
  8033 | D:6      | Reached *** piety under Cheibriados
  8187 | D:6      | Reached skill level 1 in Polearms
  8286 | D:6      | Reached XP level 9. HP: 43/75 MP: 10/15
  8685 | D:7      | Noticed a two-headed ogre
  8692 | D:7      | Noticed a gargoyle
  8779 | D:7      | Slain by a gargoyle

Illustrated notes

Levels and vault maps discovered:
D:1:      matt_arrival_grand_opening, layout_basic, serial_shops, shop
D:2:      layout_basic
D:3:      layout_basic, makhleb_altar_promises_db, serial_shops, shop,
          minmay_puff, uniq_terence
D:4:      layout_layer_cave, grunt_gozag_breadcrumbs, minmay_temple_entry_glass,
          uniq_edmund, uniq_crazy_yiuf_cottage
D:5:      layout_loops_ring, serial_shops, shop,
          minmay_a_box_with_orc_wizards_in_it
D:6:      layout_basic, portal_sewer_entry_a, minmay_statues_item
D:7:      layout_gridville, mainiacjoe_overflow_catwalk,
          dilly_guarded_unrand_devastator
Temple:   hellmonk_temple_flake

Skill      XL: |  1  2  3  4  5  6  7  8  9 |
---------------+----------------------------+-----
Short Blades   | 2 3 4 |  4.4
Stealth        | 5 6 7 |  7.6
Hexes          | 4 5 6 |  6.1
Spellcasting   | 3 4 |  4.8
Fighting       | 1 3 |  3.4
Ice Magic      | 3 4 |  4.0
Invocations    | 2 3 |  3.0
Polearms       | 1 2 |  2.2
Dodging        | |  1.5

Action                   |  1- 3 |  4- 6 |  7- 9 || total
-------------------------+-------+-------+-------++-------
Melee: Dagger            |    79 |   121 |    28 ||   228
       Punch             |       |     3 |     1 ||     4
       Trident           |       |       |   147 ||   147
 Cast: Ensorcelled Hiber |     7 |    53 |    13 ||    73
       Confusing Touch   |       |     4 |     2 ||     6
       Tukima's Dance    |       |       |     3 ||     3
       Ozocubu's Armour  |       |       |     3 ||     3
       Dazzling Flash    |       |       |     1 ||     1
 Abil: Spit Poison       |    19 |    21 |     2 ||    42
  Use: Potion            |       |     2 |     1 ||     3
       Scroll            |       |       |     7 ||     7
 Stab: Sleeping          |    14 |    41 |    29 ||    84
       Invisible         |       |     3 |     2 ||     5
       Confused          |       |     2 |     1 ||     3
       Distracted        |       |     1 |     1 ||     2
Armor: Robe              |    16 |    25 |    41 ||    82
Dodge: Dodged            |    38 |    68 |    97 ||   203
